 Dungeon Crawl Stone Soup version 0.18.1-48-g4cf74bf (webtiles) character file.

24 Redz the Grasshopper (level 3, -1/24 HPs)
             Began as a Halfling Warper on July 8, 2016.
             Slain by a giant gecko (3 damage)
             ... on level 1 of the Dungeon.
             The game lasted 00:03:59 (569 turns).

Redz the Grasshopper (Halfling Warper)               Turns: 569, Time: 00:03:59

Health: -1/24      AC:  3    Str: 11    XL:     3   Next: 15%
Magic:  3/5        EV: 14    Int: 13    God:
Gold:   54         SH:  0    Dex: 13    Spells: 3 memorised, 0 levels left

rFire  . . .     SeeInvis .     a - +0 short sword
rCold  . . .     Gourm    .     b - +0 leather armour
rNeg   . . .     Faith    .     (shield restricted)
rPois  .         Spirit   .     (no helmet)
rElec  .         Dismiss  .     (no cloak)
rCorr  .         Reflect  .     (no gloves)
SustAt .         Harm     .     (no boots)
MR     .....                    (no amulet)
Stlth  ++........               (no ring)
                                (no ring)

@: not resistant to hostile enchantments, unstealthy
A: mutation resistance 1
a: no special abilities


You were on level 1 of the Dungeon.
You were not hungry.

You visited 1 branch of the dungeon, and saw 1 of its levels.

You collected 54 gold pieces.

Inventory:

Hand Weapons
 a - a +0 short sword (weapon)
Missiles
 e - 5 tomahawks of dispersal (quivered)
Armour
 b - a +0 leather armour (worn)
Scrolls
 d - a scroll of blinking
 g - a scroll of teleportation {unknown}
 h - a scroll of amnesia {unknown}
 l - a scroll of identify {unknown}
Potions
 k - 2 potions of haste {unknown}
 m - a potion of degeneration {unknown}
 n - a potion of curing {unknown}
Books
 c - a book of Spatial Translocations

   Spells                             Type                      Level
   a - Apportation                    Translocation                1
   b - Blink                          Translocation                2
   c - Shroud of Golubria             Charms/Translocation         2
   d - Portal Projectile              Translocation                3
   e - Teleport Other                 Translocation                3
   f - Passage of Golubria            Translocation                4
Comestibles
 f - 3 bread rations
 i - a slice of pizza
 j - a chunk of flesh


   Skills:
 + Level 2.0 Fighting
 * Level 3.1 Short Blades
 - Level 1.1 Throwing
 + Level 1.2 Armour
 + Level 2.2 Dodging
 + Level 1.2 Stealth
 + Level 1.8 Spellcasting
 + Level 3.4 Translocations


You couldn't memorise any spells.
You knew the following spells:

 Your Spells              Type           Power        Failure   Level  Hunger
a - Apportation           Tloc           ##........   12%         1    ##.....
b - Blink                 Tloc           N/A          14%         2    ###....
c - Shroud of Golubria    Chrm/Tloc      #.........   28%         2    ###....


Dungeon Overview and Level Annotations

Branches:
Dungeon (1/15)

Altars:


Innate Abilities, Weirdness & Mutations

You are small and have problems with some larger weapons.
You are somewhat resistant to further mutation.


Message History

The gnoll closely misses you.
You hit the gnoll.
The gnoll is moderately wounded.
The gnoll hits you with a spear.
You closely miss the gnoll.
The gnoll is moderately wounded.
Your shroud begins to fray at the edges.
The gnoll closely misses you. The giant gecko barely misses you.
You hit the gnoll but do no damage.
The gnoll is moderately wounded.
The gnoll hits you with a spear. The giant gecko barely misses you.
You closely miss the gnoll.
The gnoll is moderately wounded.
The gnoll hits you with a spear.
Your shroud bends the giant gecko's attack away.
The gnoll hits you from afar with a spear!
* * * LOW HITPOINT WARNING * * *
You see here a meat ration.
The giant gecko bites you.
You die...

#.###.....##...#)## #...#.....
####.##..##......#..# ###..†....
.....##.###.#......#######.......
.###....###.#.##..#..............
..##.#####..#.##....########.....
......##...)......÷.## ###...
.............###..#..# ##..
..#.........## #.###.#### ##.
##..#....#### #@# #.)..##### #.
...#..##.#######l# ####.....####.
.....###....##.g.# #####......
###### ####....### ############..
###.######.............
#.........)...........
#..#####............... ....#
#####.........). .......
###.........


You could see a gnoll and a giant gecko.

Vanquished Creatures
  2 bats (D:1)
  6 goblins (D:1)
  5 hobgoblins (D:1)
  3 jackals (D:1)
  A giant newt (D:1)
  3 rats (D:1)
20 creatures vanquished.

Notes
Turn   | Place    | Note
--------------------------------------------------------------
     0 | D:1      | Redz the Halfling Warper began the quest for the Orb.
     0 | D:1      | Reached XP level 1. HP: 14/14 MP: 3/3
   196 | D:1      | Reached XP level 2. HP: 15/19 MP: 4/4
   208 | D:1      | Reached skill level 1 in Stealth
   345 | D:1      | Reached XP level 3. HP: 12/24 MP: 5/5
   354 | D:1      | Learned a level 2 spell: Blink
   357 | D:1      | Learned a level 2 spell: Shroud of Golubria
   569 | D:1      | Slain by a giant gecko

Skill      XL: |  1  2 |
---------------+-------+-----
Short Blades   | 3 |  3.1
Stealth        | 1 |  1.2
Fighting       | 2 |  2.0
Throwing       | |  1.1
Armour         | |  1.2
Dodging        | |  2.2
Spellcasting   | |  1.8
Translocations | |  3.4

Action                   || total
-------------------------++-------
Melee: Short sword       ||    81
 Cast: Shroud of Golubri ||     1
Armor: Leather armour    ||    11
Dodge: Dodged            ||    51
